 Dungeon Crawl Stone Soup version 0.24.0-1-gfbc8707122 (webtiles) character file.

Game seed: 13081605453070248817, levelgen mode: deterministic

302 Looknius the Skirmisher (level 6, -3/48 HPs)
             Began as a Demonspawn Abyssal Knight on Oct 27, 2019.
             Was a Believer of Lugonu.
             Slain by an ogre
             ... wielding a cursed -1 giant club
              (7 damage)
             ... on level 4 of the Dungeon.
             The game lasted 00:24:58 (3059 turns).

Looknius the Skirmisher (Demonspawn Abyssal Knight) Turns: 3059, Time: 00:24:59

Health: -3/48      AC:  6    Str: 13    XL:     6   Next: 14%
Magic:  8/8        EV:  8    Int: 13    God:    Lugonu [**....]
Gold:   122        SH:  8    Dex: 16    Spells: 5/5 levels left

rFire    . . .     SeeInvis .   f - +4 spear
rCold    . . .     Gourm    .   y - +0 shield
rNeg     . . .     Faith    .   F - +0 ring mail
rPois    .         Spirit   .   x - +0 helmet
rElec    .         Reflect  .   (no cloak)
rCorr    .         Harm     .   (no gloves)
MR       .....                  (no boots)
Stlth    +.........             (no amulet)
HPRegen  0.16/turn              (no ring)
MPRegen  0.11/turn              (no ring)

@: no status effects
A: talons 2, thin skeletal structure 1, powered by death 1
a: Depart the Abyss, Bend Space, Renounce Religion


You were on level 4 of the Dungeon.
You worshipped Lugonu.
Lugonu was pleased with you.
You were not hungry.

You visited 1 branch of the dungeon, and saw 4 of its levels.
You visited the Abyss 1 time.

You collected 177 gold pieces.
You spent 55 gold pieces at shops.

Inventory:

Hand Weapons
 a - a +1 falchion
 f - a +4 spear (weapon)
 s - a +0 hunting sling
 v - a +0 flail
 B - a +0 hunting sling
Missiles
 o - 17 arrows
 p - 85 bolts
 C - 31 poisoned darts (quivered)
Armour
 b - a +0 leather armour
 e - a +0 ring mail
 q - a +0 scale mail
 u - a +0 chain mail
 x - a +0 helmet (worn)
 y - a +0 shield (worn)
 A - a cursed +0 scale mail
 F - a +0 ring mail (worn)
 J - a +0 chain mail
Jewellery
 z - a +5 amulet of reflection {unknown}
 I - a +4 ring of strength {unknown}
Scrolls
 d - 2 scrolls of fear
 g - 2 scrolls of remove curse
 n - a scroll of blinking {unknown}
 r - 3 scrolls of noise
 D - 3 scrolls of identify
 H - 2 scrolls of amnesia
 K - a scroll of teleportation {unknown}
Potions
 h - a potion of might {unknown}
 i - a potion of magic {unknown}
 j - 2 potions of curing
 k - a potion of agility {unknown}
 l - a potion of brilliance {unknown}
 m - 2 potions of lignification
 t - a potion of flight {unknown}
 w - a potion of cancellation {unknown}
 E - a potion of heal wounds {unknown}
 G - a potion of degeneration {unknown}
Comestibles
 c - 3 rations


   Skills:
 + Level 4.0 Fighting
 + Level 2.9 Long Blades
 + Level 1.3 Polearms
 + Level 3.4 Armour
 + Level 1.5 Dodging
 + Level 0.2 Stealth
 + Level 1.7 Shields
 + Level 2.8 Invocations


You had 5 spell levels left.
You didn't know any spells.
Your spell library was empty.

Dungeon Overview and Level Annotations

Branches:
Dungeon (4/15)
 Temple: D:4-7

Altars:
Yredelemnul
The Shining One

Shops:
D:4 *


Innate Abilities, Weirdness & Mutations

You have razor-sharp toenails.
You have a somewhat thin skeletal structure. (Dex +2, Stealth)
You regenerate a little health from kills.


Message History

The orc priest hits you but does no damage.
The ogre completely misses you.
You hit the orc priest but do no damage.
You claw the orc priest, but do no damage.
The orc priest is heavily wounded.
You block the orc priest's attack. The ogre barely misses you.
You hit the orc priest but do no damage.
You claw the orc priest, but do no damage.
The orc priest is heavily wounded.
You block the orc priest's attack.
The ogre hits you with a cursed -1 giant club!!
You hit the orc priest.
The orc priest is heavily wounded.
The orc priest mumbles some strange prayers to Beogh against you.
Beogh smites you!
* * * LOW HITPOINT WARNING * * *
The orc priest hits you but does no damage.
The orc hits you but does no damage.
The ogre hits you with a cursed -1 giant club!
You die...

.#### ....##. #...
............#...
...........##...
...........##...
...........#....
########o..........#....
.......@Oo..# #...##<..
######.o....# ##...##...
# ##'##....#.....'... +≈
#♣≈≈# ...#....##...
#≈♣#♣†♣♣≈# ..#....##...
♣≈♣≈♣# P# #####...##...
#♣ ♣≈≈≈♣ ♣##...##...##...
#≈ #♣≈♣≈♣##....#.........
#≈♣♣≈♣#♣≈#.....#^........


You could see an ogre, an orc priest and 2 orcs.

Vanquished Creatures
  A phantom (D:4)
  A hound (D:4)
  2 worker ants (D:4)
  Robin (D:3)
  A gnoll (D:1)
  7 adders
  A worm (D:3)
  A dart slug (D:4)
  An orc (D:3)
  4 giant cockroaches
  10 goblins
  7 hobgoblins
  2 jackals (D:1)
  3 kobolds
  A quokka (D:3)
  3 ball pythons
  5 bats
  2 frilled lizards
  2 gnoll zombies (D:2)
  2 rats
57 creatures vanquished.

Notes
Turn   | Place    | Note
-------+----------+-------------------------------------------
     0 | Abyss:1  | Looknius the Demonspawn Abyssal Knight began the quest for
                  | the Orb.
     0 | Abyss:1  | Reached XP level 1. HP: 18/18 MP: 2/2
    74 | D:1      | Escaped the Abyss
    92 | D:1      | Gained mutation: You regenerate a little health from kills.
                  | [demonic ancestry]
    92 | D:1      | Reached XP level 2. HP: 6/24 MP: 3/3
   272 | D:1      | Reached * piety under Lugonu
   294 | D:1      | Reached skill level 1 in Dodging
   682 | D:1      | Gained mutation: You have a somewhat thin skeletal
                  | structure. (Dex +2, Stealth) [demonic ancestry]
   682 | D:1      | Reached XP level 3. HP: 25/29 MP: 5/5
  1041 | D:2      | Found a glowing golden altar of the Shining One.
  1509 | D:2      | Found a basalt altar of Yredelemnul.
  1789 | D:3      | Noticed Robin
  1865 | D:3      | Killed Robin
  1865 | D:3      | Gained mutation: You have sharp toenails. [demonic
                  | ancestry]
  1865 | D:3      | Reached XP level 4. HP: 11/37 MP: 6/6
  2196 | D:3      | Reached ** piety under Lugonu
  2466 | D:4      | Noticed a phantom
  2509 | D:4      | Killed a phantom
  2509 | D:4      | Reached skill level 1 in Shields
  2509 | D:4      | Gained mutation: You have razor-sharp toenails. [demonic
                  | ancestry]
  2509 | D:4      | Reached XP level 5. HP: 23/42 MP: 7/7
  2538 | D:4      | Reached skill level 4 in Fighting
  2801 | D:4      | Found Riebayfeny's General Store.
  2824 | D:4      | Bought a potion of lignification for 33 gold pieces
  2824 | D:4      | Bought a scroll of identify for 22 gold pieces
  2901 | D:4      | Reached skill level 1 in Polearms
  2913 | D:4      | Reached XP level 6. HP: 37/48 MP: 8/8
  3059 | D:4      | Slain by an ogre

Levels and vault maps discovered:
D:1:      minmay_arrival_plants_in_alcoves, layout_loops_corners
D:2:      layout_loops_corners, nicolae_tso_carved_into_rock,
          lemuel_zombie_altar_yredelemnul
D:3:      cheibrodos_old_hovel, layout_loops_ring, first_ration, uniq_robin
D:4:      layout_gridville, serial_shops, nicolae_shop_waterfront,
          saegor_snake_ambush

Skill      XL: |  1  2  3  4  5 |
---------------+----------------+-----
Long Blades    | 2 |  2.9
Dodging        | 1 |  1.5
Armour         | 2 3 |  3.4
Shields        | 1 |  1.7
Fighting       | 4 |  4.0
Polearms       | 1 |  1.3
Stealth        | |  0.2
Invocations    | |  2.8

Action                   |  1- 3 |  4- 6 || total
-------------------------+-------+-------++-------
Melee: Falchion          |   128 |    27 ||   155
       Spear             |       |    76 ||    76
       Kick              |       |    24 ||    24
Invok: Depart the Abyss  |     1 |       ||     1
  Use: Scroll            |     3 |     5 ||     8
       Potion            |       |     3 ||     3
 Stab: Sleeping          |       |     1 ||     1
  Eat: Ration            |     1 |     1 ||     2
Armor: Leather armour    |     2 |       ||     2
       Ring mail         |    34 |    23 ||    57
       Chain mail        |    51 |    21 ||    72
       Scale mail        |     3 |       ||     3
Dodge: Dodged            |    53 |    20 ||    73
Block: Shield            |    19 |    46 ||    65
       Rpst.: Falchion   |    18 |     1 ||    19
